ESL (28 & UNDER)
KINGSTON IGUANAS @ BUFFALO LIGHTSABRES
05/10/2028
 
TOP OF THE 1ST
Kingston Iguanas batting - Pitching for Buffalo LightSabres : RHP Jorge Madrigal
Pitching: RHP Jorge Madrigal
Batting: RHB Bob Lee 0-0: Bunt for hit - play at first, batter safe!
Batting: RHB Francisco Martínez 0-0: Ball
1-0: Swinging Strike
1-1: Fly out, F8 (Flyball, 8LM)
Batting: LHB Dusty Wilson 0-0: Ball
1-0: Ball
2-0: Ball
3-0: Base on Balls
Bob Lee to second
Batting: RHB Tommy Davenport 0-0: Ball
1-0: Called Strike
Bob Lee steals 3rd base
Dusty Wilson to second
1-1: Ball
2-1: Foul Ball, location: 2F
2-2: Ground out 6-3 (Groundball, 6M)
Bob Lee scores
Dusty Wilson to third
Batting: LHB Gustavo Gómez 0-0: Called Strike
0-1: Ball
1-1: Ball
2-1: Ball
3-1: Base on Balls
Batting: LHB Billy Anderson 0-0: Called Strike
0-1: Swinging Strike
0-2: Ball
1-2: Fielders Choice at 2nd, 4-6 (Groundball, 34)
Top of the 1st over - 1 run(s), 1 hit(s), 0 error(s), 1 left on base; Kingston 1 - Buffalo 0
BOTTOM OF THE 1ST
Buffalo LightSabres batting - Pitching for Kingston Iguanas : RHP Sid Allen
Pitching: RHP Sid Allen
Batting: LHB Matt Ruskin 0-0: Called Strike
0-1: Ball
1-1: Called Strike
1-2: Ball
2-2: Ball
3-2: Strikes out swinging
Batting: RHB Gabriel Ángel 0-0: Foul Ball, location: 2F
0-1: Fly out, F9 (Flyball, 9)
Batting: LHB Garrett King 0-0: Called Strike
0-1: Called Strike
0-2: Ball
1-2: Ground out U3 (Groundball, 3)
Bottom of the 1st over - 0 run(s), 0 hit(s), 0 error(s), 0 left on base; Kingston 1 - Buffalo 0
TOP OF THE 2ND
Kingston Iguanas batting - Pitching for Buffalo LightSabres : RHP Jorge Madrigal
Batting: SHB Devin Smith 0-0: Called Strike
0-1: Foul Ball, location: 2F
0-2: Ball
1-2: Foul Ball, location: 2F
1-2: Foul Ball, location: 2F
1-2: Foul Ball, location: 2F
1-2: Ball
2-2: Ball
3-2: Base on Balls
Batting: RHB Sergio Mata 0-0: Ball
1-0: Ball
2-0: Foul Ball, location: 2F
2-1: 2-RUN HOME RUN (Flyball, 9D), Distance : 388 ft
Batting: RHB Manuel Gómez 0-0: Called Strike
0-1: Ball
1-1: Ball
2-1: Ball
3-1: Base on Balls
Batting: RHB Bob Lee 0-0: Ball
1-0: Foul Ball, location: 2F
1-1: Fly out, F5 (Popup, 5S)
Batting: RHB Francisco Martínez 0-0: Ball
1-0: Ball
2-0: Ball
3-0: Called Strike
3-1: Swinging Strike
3-2: Strikes out looking
Manuel Gómez steals 2nd base
Batter strikes out.
Batting: LHB Dusty Wilson 0-0: Called Strike
0-1: Swinging Strike
0-2: Foul Ball, location: 2F
0-2: Ball
1-2: DOUBLE (Flyball, 89XD)
Manuel Gómez scores
Batting: RHB Tommy Davenport 0-0: Foul Ball, location: 2F
0-1: Ball
1-1: Foul Ball, location: 2F
1-2: Ball
2-2: Foul Ball, location: 2F
2-2: Strikes out looking
Top of the 2nd over - 3 run(s), 2 hit(s), 0 error(s), 1 left on base; Kingston 4 - Buffalo 0
BOTTOM OF THE 2ND
Buffalo LightSabres batting - Pitching for Kingston Iguanas : RHP Sid Allen
Batting: LHB Zack Payton 0-0: Ground out 4-3 (Groundball, 34D)
Batting: RHB John Warren 0-0: Ball
1-0: Ball
2-0: Ball
3-0: Called Strike
3-1: Base on Balls
Batting: LHB Craig Kenney 0-0: Ball
1-0: Ball
2-0: SINGLE (Groundball, 5S) (infield hit)
John Warren to second
Batting: RHB Mike Wagner 0-0: Swinging Strike
0-1: Called Strike
0-2: Reached on error, E5 (Groundball, 56S)
John Warren scores
Craig Kenney to third
Batting: RHB Augusto Padilla 0-0: Ball
1-0: Ground out 5-3 (Groundball, 5)
Batting: RHB Pedro Romero 0-0: Called Strike
0-1: Ball
1-1: Foul Ball, location: 2F
1-2: Fly out, F8 (Line Drive, 8LS)
Bottom of the 2nd over - 1 run(s), 1 hit(s), 1 error(s), 2 left on base; Kingston 4 - Buffalo 1
TOP OF THE 3RD
Kingston Iguanas batting - Pitching for Buffalo LightSabres : RHP Jorge Madrigal
Batting: LHB Gustavo Gómez 0-0: Ball
1-0: Called Strike
1-1: Foul Ball, location: 2F
1-2: Ball
2-2: Ball
3-2: Foul Ball, location: 2F
3-2: Base on Balls
Batting: LHB Billy Anderson 0-0: Ball
1-0: Called Strike
1-1: Ball
2-1: Foul Ball, location: 2F
2-2: Strikes out swinging
Batting: SHB Devin Smith 0-0: SINGLE (Groundball, 6MD)
Gustavo Gómez to second
Batting: RHB Sergio Mata 0-0: Called Strike
0-1: Ball
1-1: Swinging Strike
1-2: Foul Ball, location: 2F
1-2: Foul Ball, location: 2F
1-2: Strikes out swinging
Batting: RHB Manuel Gómez 0-0: Called Strike
0-1: SINGLE (Line Drive, 4MD)
Gustavo Gómez to third
Devin Smith to second
Batting: RHB Bob Lee 0-0: Called Strike
0-1: Foul Ball, location: 2F
0-2: Ball
1-2: Ground out 1-3 (Groundball, 15S)
Top of the 3rd over - 0 run(s), 2 hit(s), 0 error(s), 3 left on base; Kingston 4 - Buffalo 1
BOTTOM OF THE 3RD
Buffalo LightSabres batting - Pitching for Kingston Iguanas : RHP Sid Allen
Batting: LHB Matt Ruskin 0-0: Ball
1-0: Called Strike
1-1: Swinging Strike
1-2: Strikes out swinging
Batting: RHB Gabriel Ángel 0-0: Called Strike
0-1: Called Strike
0-2: Ball
1-2: Ball
2-2: Foul Ball, location: 2F
2-2: Strikes out looking
Batting: LHB Garrett King 0-0: Ball
1-0: Called Strike
1-1: DOUBLE (Line Drive, 9LM)
Batting: LHB Zack Payton 0-0: Called Strike
0-1: Swinging Strike
0-2: Strikes out swinging
Bottom of the 3rd over - 0 run(s), 1 hit(s), 0 error(s), 1 left on base; Kingston 4 - Buffalo 1
TOP OF THE 4TH
Kingston Iguanas batting - Pitching for Buffalo LightSabres : RHP Jorge Madrigal
Batting: RHB Francisco Martínez 0-0: Ball
1-0: Ball
2-0: Swinging Strike
2-1: Swinging Strike
2-2: Strikes out swinging
Batting: LHB Dusty Wilson 0-0: Ball
1-0: Ball
2-0: Foul Ball, location: 2F
2-1: Fly out, F7 (Flyball, 7LS)
Batting: RHB Tommy Davenport 0-0: Swinging Strike
0-1: Ball
1-1: Called Strike
1-2: Ball
2-2: Foul Ball, location: 2F
2-2: Ball
3-2: Base on Balls
Pitching: LHP Bobby MacGruder
Batting: LHB Gustavo Gómez 0-0: Ball
1-0: Ball
2-0: Ball
3-0: Base on Balls
Tommy Davenport to second
Batting: LHB Billy Anderson 0-0: Ball
1-0: Called Strike
1-1: Called Strike
1-2: Strikes out looking
Top of the 4th over - 0 run(s), 0 hit(s), 0 error(s), 2 left on base; Kingston 4 - Buffalo 1
BOTTOM OF THE 4TH
Buffalo LightSabres batting - Pitching for Kingston Iguanas : RHP Sid Allen
Batting: RHB John Warren 0-0: Ball
1-0: Foul Ball, location: 2F
1-1: Ball
2-1: Swinging Strike
2-2: Ground out 5-3 (Groundball, 5S)
Batting: LHB Craig Kenney 0-0: Ball
1-0: Called Strike
1-1: Ball
2-1: Ball
3-1: Swinging Strike
3-2: Fly out, F9 (Flyball, 9LM)
Batting: RHB Mike Wagner 0-0: Ball
1-0: DOUBLE (Flyball, 89M)
Batting: RHB Augusto Padilla 0-0: Called Strike
0-1: Ball
1-1: SINGLE (Groundball, 56D)
Mike Wagner to third
Runner from 3rd tries for Home, SAFE, no throw
Batting: RHB Pedro Romero 0-0: Fielders Choice at 2nd, 5-4 (Groundball, 56)
Bottom of the 4th over - 1 run(s), 2 hit(s), 0 error(s), 0 left on base; Kingston 4 - Buffalo 2
TOP OF THE 5TH
Kingston Iguanas batting - Pitching for Buffalo LightSabres : LHP Bobby MacGruder
Batting: SHB Devin Smith 0-0: Ball
1-0: Swinging Strike
1-1: Ground out 6-3 (Groundball, 6)
Batting: RHB Sergio Mata 0-0: Ball
1-0: Called Strike
1-1: Ball
2-1: Swinging Strike
2-2: Strikes out swinging
Batting: RHB Manuel Gómez 0-0: Ball
1-0: Foul Ball, location: 2F
1-1: Ball
2-1: Ball
3-1: Foul Ball, location: 2F
3-2: Base on Balls
Batting: RHB Bob Lee 0-0: Ball
1-0: Called Strike
1-1: Ball
2-1: Called Strike
2-2: Ground out 5-3 (Groundball, 56S)
Top of the 5th over - 0 run(s), 0 hit(s), 0 error(s), 1 left on base; Kingston 4 - Buffalo 2
BOTTOM OF THE 5TH
Buffalo LightSabres batting - Pitching for Kingston Iguanas : RHP Sid Allen
Batting: LHB Matt Ruskin 0-0: Foul Ball, location: 2F
0-1: Ball
1-1: Swinging Strike
1-2: Strikes out swinging
Batting: RHB Gabriel Ángel 0-0: Ball
1-0: Ball
2-0: Called Strike
2-1: Foul Ball, location: 2F
2-2: Foul Ball, location: 2F
2-2: Foul Ball, location: 2F
2-2: Foul Ball, location: 2F
2-2: Ball
3-2: DOUBLE (Flyball, 9D)
Batting: LHB Garrett King 0-0: Ground out 3-1 (Groundball, 34)
Gabriel Ángel to third
Batting: LHB Zack Payton 0-0: Called Strike
0-1: Called Strike
0-2: Strikes out swinging
Bottom of the 5th over - 0 run(s), 1 hit(s), 0 error(s), 1 left on base; Kingston 4 - Buffalo 2
TOP OF THE 6TH
Kingston Iguanas batting - Pitching for Buffalo LightSabres : LHP Bobby MacGruder
Batting: RHB Francisco Martínez 0-0: Ball
1-0: SINGLE (Groundball, 4MD)
Batting: LHB Dusty Wilson 0-0: Ball
1-0: Ball
2-0: Swinging Strike
2-1: Foul Ball, location: 2F
2-2: Ball
3-2: Base on Balls
Francisco Martínez to second
Batting: RHB Tommy Davenport 0-0: Called Strike
0-1: Swinging Strike
0-2: Ball
1-2: Foul Ball, location: 2F
1-2: Ball
2-2: Ball
3-2: Strikes out swinging
Batting: LHB Gustavo Gómez 0-0: Called Strike
0-1: Ball
1-1: Fielders Choice at 2nd, 3-6 (Groundball, 34)
Francisco Martínez to third
Batting: LHB Billy Anderson 0-0: Called Strike
0-1: Called Strike
0-2: Ball
1-2: Foul Ball, location: 2F
1-2: Fly out, F8 (Flyball, 8LM)
Top of the 6th over - 0 run(s), 1 hit(s), 0 error(s), 2 left on base; Kingston 4 - Buffalo 2
BOTTOM OF THE 6TH
Buffalo LightSabres batting - Pitching for Kingston Iguanas : RHP Sid Allen
Batting: RHB John Warren 0-0: Foul Ball, location: 2F
0-1: Ball
1-1: Ball
2-1: Foul Ball, location: 2F
2-2: Ball
3-2: Base on Balls
Batting: LHB Craig Kenney 0-0: Ball
1-0: Called Strike
1-1: Fly out, F7 (Flyball, 7S)
Batting: RHB Mike Wagner 0-0: Called Strike
0-1: Ball
1-1: Ball
2-1: SINGLE (Groundball, 56S) (infield hit)
John Warren to second
Batting: RHB Augusto Padilla 0-0: Ball
1-0: Ball
2-0: Swinging Strike
2-1: Ball
3-1: Swinging Strike
3-2: Foul Ball, location: 2F
3-2: SINGLE (Groundball, 6MD)
John Warren to third
Mike Wagner to second
Pitching: RHP Kel Meyer
Batting: RHB Pedro Romero 0-0: Ball
1-0: Called Strike
1-1: Foul Ball, location: 2F
1-2: Ball
2-2: Foul Ball, location: 2F
2-2: Foul Ball, location: 2F
2-2: Foul Ball, location: 2F
2-2: Ball
3-2: Fly out, F7 (Line Drive, 7)
Runner from 3rd tags up, SCORES, throw made
Batting: LHB Matt Ruskin 0-0: Called Strike
0-1: Called Strike
0-2: SINGLE (Groundball, 34D)
Mike Wagner to third
Augusto Padilla to second
Runner from 3rd tries for Home, SAFE, no throw
Batting: RHB Gabriel Ángel 0-0: Swinging Strike
0-1: Called Strike
0-2: Strikes out swinging
Bottom of the 6th over - 2 run(s), 3 hit(s), 0 error(s), 2 left on base; Kingston 4 - Buffalo 4
TOP OF THE 7TH
Kingston Iguanas batting - Pitching for Buffalo LightSabres : LHP Bobby MacGruder
Batting: SHB Devin Smith 0-0: Ball
1-0: Ball
2-0: Ball
3-0: Called Strike
3-1: Base on Balls
Batting: RHB Sergio Mata 0-0: Ball
1-0: Ball
2-0: Ball
3-0: Called Strike
3-1: Base on Balls
Devin Smith to second
Pinch Hitting: RHB Bobby Armstrong 0-0: Ball
1-0: Swinging Strike
1-1: Foul Ball, location: 2F
1-2: Ground out 5-3 (Groundball, 25)
Devin Smith to third
Sergio Mata to second
Batting: RHB Bob Lee 0-0: Called Strike
0-1: Ball
1-1: Ground out 5-3 (Groundball, 56S)
Batting: RHB Francisco Martínez 0-0: Called Strike
0-1: Ball
1-1: Called Strike
1-2: Ball
2-2: Ball
3-2: Foul Ball, location: 2F
3-2: Base on Balls
Pitching: RHP Travis Whitney
Batting: LHB Dusty Wilson 0-0: Ball
1-0: Called Strike
1-1: Fly out, F7 (Flyball, 7S)
Top of the 7th over - 0 run(s), 0 hit(s), 0 error(s), 3 left on base; Kingston 4 - Buffalo 4
BOTTOM OF THE 7TH
Buffalo LightSabres batting - Pitching for Kingston Iguanas : RHP Kel Meyer
Pitching: LHP Ray McKnight
Now at 2B: Ken MacDonald
Batting: LHB Garrett King 0-0: Foul Ball, location: 2F
0-1: Ground out 6-3 (Groundball, 6S)
Pitching: LHP Jeff Minnich
Batting: LHB Zack Payton 0-0: Ball
1-0: Called Strike
1-1: Foul Ball, location: 2F
1-2: Ball
2-2: Ball
3-2: Ground out 4-3 (Groundball, 4)
Batting: RHB John Warren 0-0: Foul Ball, location: 2F
0-1: Foul Ball, location: 2F
0-2: Fly out, F8 (Line Drive, 89XD)
Bottom of the 7th over - 0 run(s), 0 hit(s), 0 error(s), 0 left on base; Kingston 4 - Buffalo 4
TOP OF THE 8TH
Kingston Iguanas batting - Pitching for Buffalo LightSabres : RHP Travis Whitney
Batting: RHB Tommy Davenport 0-0: Foul Ball, location: 2F
0-1: Ball
1-1: Swinging Strike
1-2: Strikes out looking
Batting: LHB Gustavo Gómez 0-0: Called Strike
0-1: Ball
1-1: Ball
2-1: Ground out U3 (Groundball, 3)
Batting: LHB Billy Anderson 0-0: Called Strike
0-1: Ground out U3 (Groundball, 3L)
Top of the 8th over - 0 run(s), 0 hit(s), 0 error(s), 0 left on base; Kingston 4 - Buffalo 4
BOTTOM OF THE 8TH
Buffalo LightSabres batting - Pitching for Kingston Iguanas : LHP Jeff Minnich
Pinch Hitting: RHB Mario Solís 0-0: Foul Ball, location: 2F
0-1: Foul Ball, location: 2F
0-2: Strikes out swinging
Batting: RHB Mike Wagner 0-0: Foul Ball, location: 2F
0-1: Ball
1-1: Foul Ball, location: 2F
1-2: Ground out 3-1 (Groundball, 34)
Pinch Hitting: RHB Peter Dixon 0-0: Ball
1-0: Called Strike
1-1: Ball
2-1: Ball
3-1: Swinging Strike
3-2: Base on Balls
Pinch Hitting: RHB Donato Gozende 0-0: Ball
1-0: Foul Ball, location: 2F
1-1: Foul Ball, location: 2F
1-2: Foul Ball, location: 2F
1-2: Hit by Pitch
Peter Dixon to second
Pinch Hitting: RHB Jorge Castillo 0-0: Called Strike
0-1: Ball
1-1: Called Strike
1-2: Strikes out swinging
Bottom of the 8th over - 0 run(s), 0 hit(s), 0 error(s), 2 left on base; Kingston 4 - Buffalo 4
TOP OF THE 9TH
Kingston Iguanas batting - Pitching for Buffalo LightSabres : RHP Travis Whitney
Pitching: RHP Raymond Gibbons
Now at 2B: Huub Stolk
Now at 3B: Abraham Hardy
Now at SS: Clifton Hampton
Now in RF: Peter Dixon
Batting: SHB Devin Smith 0-0: Ball
1-0: Ball
2-0: Ball
3-0: Base on Balls
Batting: RHB Sergio Mata 0-0: Ball
1-0: 2-RUN HOME RUN (Flyball, 89XD), Distance : 395 ft
Pitching: RHP Domingo Rodríguez
Batting: RHB Ken MacDonald 0-0: Swinging Strike
0-1: Ball
1-1: Ball
2-1: Ground out 4-3 (Groundball, 4)
Batting: RHB Bob Lee 0-0: Ball
1-0: Foul Ball, location: 2F
1-1: Foul Ball, location: 2F
1-2: Foul Ball, location: 2F
1-2: Foul Ball, location: 2F
1-2: Ball
2-2: Foul Ball, location: 2F
2-2: Strikes out swinging
Batting: RHB Francisco Martínez 0-0: Called Strike
0-1: Swinging Strike
0-2: Strikes out swinging
Top of the 9th over - 2 run(s), 1 hit(s), 0 error(s), 0 left on base; Kingston 6 - Buffalo 4
BOTTOM OF THE 9TH
Buffalo LightSabres batting - Pitching for Kingston Iguanas : LHP Jeff Minnich
Pitching: RHP Guo-fang Juan
Batting: RHB Gabriel Ángel 0-0: Called Strike
0-1: Foul Ball, location: 2F
0-2: Ball
1-2: Ball
2-2: Strikes out swinging
Batting: LHB Garrett King 0-0: Foul Ball, location: 2F
0-1: Called Strike
0-2: Ball
1-2: Foul Ball, location: 2F
1-2: Ball
2-2: Strikes out swinging
Batting: LHB Zack Payton 0-0: Ball
1-0: Foul Ball, location: 2F
1-1: Called Strike
1-2: Ball
2-2: Ball
3-2: Ground out 4-3 (Groundball, 4)
Bottom of the 9th over - 0 run(s), 0 hit(s), 0 error(s), 0 left on base; Kingston 6 - Buffalo 4
Tuesday, August 8th, 2017 - OOTP Baseball 17.12 Build 75